 Dungeon Crawl Stone Soup version 0.29-a0-284-gf9362112df (webtiles) character file.

Game seed: 18296136707950719922

523 Ijustatesigmund the Chopper (level 7, -5/61 HPs)
             Began as a Minotaur Fighter on Mar 15, 2022.
             Slain by Duvessa
             ... wielding a +0 short sword
              (14 damage)
             ... on level 4 of the Dungeon.
             The game lasted 00:04:16 (2577 turns).

Ijustatesigmund the Chopper (Minotaur Fighter)      Turns: 2577, Time: 00:04:16

Health: -5/61      AC:  9    Str: 22    XL:     7   Next: 2%
Magic:  6/6        EV: 10    Int:  5    God:
Gold:   99         SH:  4    Dex: 10    Spells: 6/6 levels left

rFire   . . .      SeeInvis .   a - +0 broad axe
rCold   . . .      Faith    .   c - +0 buckler
rNeg    . . .      Spirit   .   b - +0 scale mail
rPois   .          Reflect  .   (helmet restricted)
rElec   .          Harm     .   (no cloak)
rCorr   .          Rampage  .   (no gloves)
Will    .....                   g - +1 pair of boots
Stlth   ..........              (no amulet)
HPRegen 0.20/turn               f - ring of flight
MPRegen 0.10/turn               (no ring)

@: flying
A: horns 2, retaliatory headbutt
a: no special abilities


You were on level 4 of the Dungeon.
You visited 1 branch of the dungeon, and saw 4 of its levels.

You collected 195 gold pieces.
You spent 96 gold pieces at shops.

Inventory:

Hand Weapons
 a - a +0 broad axe (weapon)
Armour
 b - a +0 scale mail (worn)
 c - a +0 buckler (worn)
 g - a +1 pair of boots (worn)
Jewellery
 f - a ring of flight (left hand)
Scrolls
 h - a scroll of identify
 k - 2 scrolls of fog
Potions
 e - a potion of attraction
 i - a potion of brilliance


   Skills:
 + Level 5.4 Fighting
 + Level 7.2 Axes
 - Level 3.6 Armour
 + Level 3.3 Dodging
 - Level 3.6 Shields


You had 6 spell levels left.
You didn't know any spells.
Your spell library contained the following spells:

 Spells                   Type           Power      Damage    Failure   Level
 Static Discharge         Conj/Air       0%         N/A       95%         2
 Dispel Undead            Necr           0%         3d6       100%        4
 Sticky Flame             Conj/Fire      0%         2d3       100%        4


Dungeon Overview and Level Annotations

Branches:
Dungeon (4/15)
 Temple: D:4-7

Altars:
Sif Muna

Shops:
D:4 (

Annotations:
D:4 Duvessa


Innate Abilities, Weirdness & Mutations

You have a pair of horns on your head.
You reflexively headbutt those who attack you in melee.


Message History

You slash Duvessa! Your headbutt misses Duvessa.
Duvessa is lightly wounded.
You barely miss the orc priest. Duvessa hits you with a +0 short sword.
The orc priest barely misses you. You furiously retaliate!
You headbutt the orc priest. Duvessa hits you but does no damage.
An adder comes into view.
You barely miss Duvessa.
Duvessa is lightly wounded.
You closely miss the orc priest.
The adder hisses angrily.
Duvessa hits you with a +0 short sword!
A quokka comes into view.
The orc priest hits you but does no damage.
Duvessa hits you but does no damage.
Okay, then.
Okay, then.
You hit the orc priest but do no damage.
The orc priest is lightly wounded.
You barely miss Duvessa. Duvessa hits you but does no damage.
The orc priest closely misses you. You furiously retaliate!
You headbutt the orc priest! Duvessa hits you with a +0 short sword!
* * * LOW HITPOINT WARNING * * *
An ogre comes into view. It is wielding a +0 giant spiked club.
The orc priest closely misses you. You furiously retaliate!
You headbutt the orc priest.
You kill the orc priest!
You have reached level 7!
You hit Duvessa.
Duvessa is lightly wounded.
Duvessa hits you with a +0 short sword.
* * * LOW HITPOINT WARNING * * *
Duvessa hits you with a +0 short sword.
* * * LOW HITPOINT WARNING * * *
Duvessa attacks as you move away! You block Duvessa's attack.
You block Duvessa's attack. Duvessa hits you with a +0 short sword.
* * * LOW HITPOINT WARNING * * *
You block Duvessa's attack. Duvessa attacks as you move away!
Duvessa hits you with a +0 short sword!
You die...

#.......#.#........#....##
##.....## #......#.......)
#........##......##...#....
............#.... #........
##.##........#...
.......... #. #........#
......#.... ###........#
.... .....#..
#.........##..... .....#..
###......Oe@....... .####..
##.......o....#.....
#....#..S...#.# #..[ .
#.....r.#.##... ..
###.).##### ..... ##))#
.#.#.. ##.. .#.? . S>##
..... ..#


You could see Duvessa (berserk), an ogre, an adder, an orc and a quokka.

Vanquished Creatures
  A sky beast (D:4)
  A centaur (D:4)
  2 scorpions (D:4)
  Dowan (D:4)
  2 orc priests (D:4)
  An iguana (D:3)
  An adder (D:2)
  A dart slug (D:1)
  12 orcs
  5 ball pythons (D:3)
  4 bats
  An endoplasm (D:3)
  7 giant cockroaches
  8 goblins
  10 hobgoblins
  2 quokkas
  2 frilled lizards (D:1)
  10 kobolds
  5 rats
76 creatures vanquished.

Vanquished Creatures (others)
  2 plants (D:4)
2 creatures vanquished.

Grand Total: 78 creatures vanquished

Notes
Turn   | Place    | Note
-------+----------+-------------------------------------------
     0 | D:1      | Ijustatesigmund the Minotaur Fighter began the quest for
                  | the Orb.
     0 | D:1      | Reached XP level 1. HP: 19/19 MP: 0/0
    20 | D:1      | Reached skill level 3 in Axes
    75 | D:1      | Reached XP level 2. HP: 22/26 MP: 1/1
   231 | D:1      | Reached skill level 4 in Axes
   818 | D:2      | Found a shimmering blue altar of Sif Muna.
   826 | D:2      | Reached XP level 3. HP: 31/31 MP: 2/2
  1459 | D:3      | Reached skill level 5 in Axes
  1459 | D:3      | Reached XP level 4. HP: 35/39 MP: 3/3
  1901 | D:3      | Reached skill level 6 in Axes
  2181 | D:4      | Noticed a sky beast
  2181 | D:4      | Noticed a centaur
  2182 | D:4      | Found Cej Wen's Antique Weapon Boutique.
  2329 | D:4      | Killed a sky beast
  2330 | D:4      | Reached skill level 1 in Dodging
  2330 | D:4      | Reached XP level 5. HP: 42/46 MP: 4/4
  2330 | D:4      | Killed a centaur
  2331 | D:4      | Reached XP level 6. HP: 46/53 MP: 5/5
  2467 | D:4      | Bought a broad axe for 96 gold pieces
  2509 | D:4      | Reached skill level 5 in Fighting
  2509 | D:4      | Reached skill level 7 in Axes
  2560 | D:4      | Noticed Dowan
  2561 | D:4      | Noticed Duvessa
  2565 | D:4      | Killed Dowan
  2570 | D:4      | Reached XP level 7. HP: 17/61 MP: 6/6
  2577 | D:4      | Slain by Duvessa

Illustrated notes

Levels and vault maps discovered:
D:1:      saegor_arrival_simple_a, layout_rooms, minmay_tetromino_t4
D:2:      layout_loops_ring, basic_altar
D:3:      layout_basic, guppyfry_early_orc_mine
D:4:      kennysheep_kobold_camp, layout_cave_pools, serial_shops,
          nicolae_shop_waterfront, uniq_duvessa

Skill      XL: |  1  2  3  4  5  6 |
---------------+-------------------+-----
Axes           | 3 4 5 6 7 |  7.2
Fighting       | 4 5 |  5.4
Dodging        | 1 2 3 |  3.3
Armour         | |  3.6
Shields        | |  3.6

Action                   |  1- 3 |  4- 6 |  7- 9 || total
-------------------------+-------+-------+-------++-------
Melee: War axe           |    83 |    64 |       ||   147
       Headbutt          |     6 |    10 |       ||    16
       Broad axe         |       |    13 |     1 ||    14
  Use: Scroll            |     3 |     5 |       ||     8
       Potion            |       |     1 |       ||     1
Armor: Scale mail        |    32 |    40 |       ||    72
Dodge: Dodged            |    43 |    46 |       ||    89
Block: Buckler           |    18 |    19 |     3 ||    40

Table legend: (Time is in decaauts)
 A = Elapsed time spent in this place.
 B = Non-inter-level travel time spent in this place.
 C = Inter-level travel time spent in this place.
 D = Time resting spent in this place.
 E = Time spent auto-exploring this place.
 F = Levels seen in this place.
 G = Mean time per level.
                   A        B        C        D        E       F      G
               +--------+--------+--------+--------+--------+-----+--------+
         Total |   2624 |   2573 |     51 |    275 |   1821 |   4 |  656.0 |
       Dungeon |   2624 |   2573 |     51 |    275 |   1821 |   4 |  656.0 |
               +--------+--------+--------+--------+--------+-----+--------+

Top non-repeatable levels by time:
     D:3: 880 daAuts
     D:2: 750 daAuts
     D:1: 725 daAuts
     D:4: 267 daAuts
